 Dungeon Crawl Stone Soup version 0.27-a0-1200-g94dc6ad4cf (webtiles) character file.

Game seed: 15469073731046824961

206 polve the Slasher (level 5, -2/67 HPs)
             Began as a Minotaur Berserker on May 30, 2021.
             Was a Believer of Trog.
             Slain by Terence
             ... wielding a +0 trident
              (9 damage)
             ... on level 2 of the Dungeon.
             The game lasted 00:00:46 (1528 turns).

polve the Slasher (Minotaur Berserker)              Turns: 1528, Time: 00:00:47

Health: -2/67      AC:  2    Str: 22    XL:     5   Next: 53%
Magic:  4/4        EV: 12    Int:  4    God:    Trog [**....]
Gold:   38         SH:  0    Dex: 10    Spells: 4/4 levels left

rFire    . . .     SeeInvis .   a - +0 falchion
rCold    . . .     Faith    .   (no shield)
rNeg     . . .     Spirit   .   b - +0 animal skin
rPois    .         Reflect  .   (helmet restricted)
rElec    .         Harm     .   (no cloak)
rCorr    .         Rampage  .   (no gloves)
Will     .....                  (no boots)
Stlth    ..........             (no amulet)
HPRegen  0.21/turn              (no ring)
MPRegen  0.09/turn              (no ring)

@: berserking (expiring), very quick
A: horns 2, retaliatory headbutt
a: Renounce Religion, Berserk, Trog's Hand


You were on level 2 of the Dungeon.
You worshipped Trog.
Trog was pleased with you.
You visited 1 branch of the dungeon, and saw 2 of its levels.

You collected 38 gold pieces.

Inventory:

Hand Weapons
 a - a +0 falchion (weapon)
Armour
 b - a +0 animal skin (worn)
Potions
 c - a potion of curing
 d - 2 potions of attraction {unknown}


   Skills:
 - Level 3.6 Fighting
 + Level 7.6 Long Blades
 - Level 2.4 Armour
 - Level 2.1 Dodging


You had 4 spell levels left.
You didn't know any spells.
Your spell library was empty.

Dungeon Overview and Level Annotations

Branches:
Dungeon (2/15)

Altars:

Annotations:
D:2 Robin, Terence


Innate Abilities, Weirdness & Mutations

You have a pair of horns on your head.
You reflexively headbutt those who attack you in melee.


Message History

You hit the goblin. You headbutt the goblin.
You kill the goblin!
Trog accepts your kill.
A red film seems to cover your vision as you go berserk!
You feel yourself moving faster!
You feel mighty!
Sigmund hits you from afar with a +0 scythe!
You feel a strong urge to attack something.
Terence closely misses you.
Things that are here:
a +0 dagger; a goblin corpse You slash Sigmund!
Sigmund is moderately wounded.
Sigmund barely misses you. You furiously retaliate!
You headbutt Sigmund!
Terence hits you from afar with a +0 trident.
You slash Sigmund! Your headbutt misses Sigmund.
Sigmund is almost dead.
Sigmund gestures at you while chanting. The puff of flame misses you.
You hit Sigmund.
You kill Sigmund!
Trog accepts your kill.
Trog appreciates your killing of a magic user.
Terence hits you from afar with a +0 trident.
* * * LOW HITPOINT WARNING * * *
Your Long Blades skill gained 2 levels and is now at level 7!
You have reached level 4!
You feel stronger.
You have reached level 5!
You slash the goblin!
You kill the goblin!
Trog accepts your kill.
Terence hits you from afar with a +0 trident.
* * * LOW HITPOINT WARNING * * *
You slash the goblin!
You kill the goblin!
Trog accepts your kill.
A goblin and Robin come into view.
The goblin shouts!
Terence hits you with a +0 trident!
You die...

#....<.# ### ## ##.......
... . ....... ....#
....>## #.#. #.... ...
#...# #.##
#...######g.####g.
#.†.....)@@g.g.gg.
########..###.####g####gg
.....<....# #.# !#
#########.# #.# (# #.#
#.# .# #.# #.# .# #.# #.#
.# #.. .#. .# ## # #


You could see Terence, Robin and 7 goblins.

Vanquished Creatures
  Sigmund (D:2)
  A giant cockroach (D:1)
  2 hobgoblins (D:1)
  7 jackals (D:1)
  4 kobolds (D:1)
  2 quokkas (D:1)
  5 ball pythons (D:1)
  4 bats
  2 frilled lizards (D:1)
  8 goblins
  A rat (D:1)
37 creatures vanquished.

Notes
Turn   | Place    | Note
-------+----------+-------------------------------------------
     0 | D:1      | polve the Minotaur Berserker began the quest for the Orb.
     0 | D:1      | Reached XP level 1. HP: 19/19 MP: 0/0
   117 | D:1      | Reached skill level 4 in Long Blades
   153 | D:1      | Reached XP level 2. HP: 18/26 MP: 1/1
   691 | D:1      | Reached skill level 5 in Long Blades
   871 | D:1      | Reached XP level 3. HP: 31/31 MP: 2/2
   884 | D:1      | Reached ** piety under Trog
  1513 | D:2      | Noticed Sigmund
  1513 | D:2      | Noticed Terence
  1525 | D:2      | Killed Sigmund
  1526 | D:2      | Reached skill level 7 in Long Blades
  1526 | D:2      | Reached XP level 4. HP: 11/39 MP: 3/3
  1526 | D:2      | Reached XP level 5. HP: 12/45 MP: 4/4
  1528 | D:2      | Noticed Robin
  1528 | D:2      | Slain by Terence

Illustrated notes

Levels and vault maps discovered:
D:1:      dpeg_arrival_another_circle, layout_loops_ring, serial_forest,
          infiniplex_forest_end_2, infiniplex_forest_lined_room_,
          infiniplex_forest_pool, infiniplex_forest_end_double,
          infiniplex_forest_end_1, infiniplex_forest_lined_room_,
          infiniplex_forest_clump_diagonal
D:2:      layout_loops_ring, uniq_sigmund, uniq_robin, uniq_terence

Skill      XL: |  1  2  3 |
---------------+----------+-----
Long Blades    | 4 5 7 |  7.6
Fighting       | |  3.6
Armour         | |  2.4
Dodging        | |  2.1

Action                   |  1- 3 |  4- 6 || total
-------------------------+-------+-------++-------
Melee: Falchion          |    68 |     2 ||    70
       Headbutt          |     6 |       ||     6
Invok: Berserk           |     1 |       ||     1
Armor: Animal skin       |    12 |       ||    12
Dodge: Dodged            |    52 |       ||    52
       Rpst.: Falchion   |    10 |       ||    10

Table legend: (Time is in decaauts)
 A = Elapsed time spent in this place.
 B = Non-inter-level travel time spent in this place.
 C = Inter-level travel time spent in this place.
 D = Time resting spent in this place.
 E = Time spent auto-exploring this place.
 F = Levels seen in this place.
 G = Mean time per level.
                   A        B        C        D        E       F      G
               +--------+--------+--------+--------+--------+-----+--------+
         Total |   1531 |   1513 |     18 |      0 |   1340 |   2 |  765.5 |
       Dungeon |   1531 |   1513 |     18 |      0 |   1340 |   2 |  765.5 |
               +--------+--------+--------+--------+--------+-----+--------+

Top non-repeatable levels by time:
     D:1: 1503 daAuts
     D:2: 27 daAuts
